 Dungeon Crawl Stone Soup version 0.24-a0-439-g6dd8730de2 (webtiles) character file.

Game seed: 3817702021673850597

175 Peloso the Shield-Bearer (level 5, -12/47 HPs)
             Began as a Minotaur Fighter on June 18, 2019.
             Killed by divine providence
             ... invoked by an orc priest
              (14 damage)
             ... on level 3 of the Dungeon.
             The game lasted 00:04:27 (1754 turns).

Peloso the Shield-Bearer (Minotaur Fighter)         Turns: 1754, Time: 00:04:28

Health: -12/47     AC:  7    Str: 18    XL:     5   Next: 29%
Magic:  4/4        EV:  7    Int:  5    God:
Gold:   65         SH:  9    Dex: 11    Spells: 4/4 levels left

rFire    . . .     SeeInvis .   a - +0 long sword
rCold    . . .     Gourm    .   c - +0 shield
rNeg     . . .     Faith    .   b - +0 scale mail
rPois    .         Spirit   .   (helmet restricted)
rElec    .         Reflect  .   (no cloak)
rCorr    .         Harm     .   (no gloves)
MR       .....                  (no boots)
Stlth    ..........             (no amulet)
HPRegen  0.15/turn              n - -2 ring of strength (curse)
MPRegen  0.09/turn              (no ring)

@: no status effects
A: retaliatory headbutt, horns 2
a: no special abilities


You were on level 3 of the Dungeon.
You were not hungry.

You visited 1 branch of the dungeon, and saw 3 of its levels.

You collected 65 gold pieces.

Inventory:

Hand Weapons
 a - a +0 long sword (weapon)
Armour
 b - a +0 scale mail (worn)
 c - a +0 shield (worn)
Jewellery
 n - a cursed -2 ring of strength (left hand)
Scrolls
 g - a scroll of teleportation {unknown}
 h - a scroll of immolation {unknown}
 j - 4 scrolls of identify {unknown}
 k - 2 scrolls of random uselessness {unknown}
 l - a scroll of remove curse {unknown}
 m - a scroll of enchant armour {unknown}
Potions
 d - a potion of might
 e - 2 potions of lignification {unknown}
 i - a potion of resistance {unknown}
Comestibles
 f - 5 rations


   Skills:
 + Level 4.4 Fighting
 + Level 4.2 Long Blades
 + Level 4.6 Armour
 + Level 0.5 Dodging
 + Level 4.8 Shields


You had 4 spell levels left.
You didn't know any spells.
Your spell library was empty.

Dungeon Overview and Level Annotations

Branches:
Dungeon (3/15)

Altars:
Elyvilon
Sif Muna


Innate Abilities, Weirdness & Mutations

You reflexively headbutt those who attack you in melee.
You have a pair of horns on your head.


Message History

The orc priest calls down the wrath of Beogh upon you.
Beogh smites you!
You hit the orc but do no damage. Your headbutt misses the orc.
The orc hits you with a +0 hand axe.
An orc comes into view. It is wielding a +0 trident.
You completely miss the orc. The orc hits you with a +0 hand axe.
The orc hits you from afar with a +0 trident.
All of the chunks of flesh in your inventory have rotted away.
You barely miss the orc. You block the orc's attack.
The orc hits you from afar with a +0 trident.
You hit the orc but do no damage. Your headbutt misses the orc.
The orc priest invokes the aid of Beogh against you.
Beogh smites you!
* * * LOW HITPOINT WARNING * * *
The orc hits you with a +0 hand axe.
* * * LOW HITPOINT WARNING * * *
The orc hits you but does no damage.
The orc priest calls down the wrath of Beogh upon you.
Beogh smites you!
You die...

##########
#.........
###.########
###########...#.@oo#
........†...>##.##o#
##.######.#.....# #
#.# #.####..# #.#
... #..# #.# ...##
###.. #.# ....# ...
#.# ####.. .#.# #.#
#.. .#...


You could see an orc priest and 2 orcs.

Vanquished Creatures
  An orc priest (D:3)
  An orc wizard (D:2)
  A worker ant (D:2)
  3 adders (D:2)
  2 oozes (D:2)
  A worm (D:3)
  A dart slug (D:2)
  4 orcs
  4 giant cockroaches
  4 goblins
  6 hobgoblins
  4 jackals (D:2)
  A quokka (D:3)
  8 bats
  5 frilled lizards
  3 kobolds
  3 rats
52 creatures vanquished.

Notes
Turn   | Place    | Note
-------+----------+-------------------------------------------
     0 | D:1      | Peloso the Minotaur Fighter began the quest for the Orb.
     0 | D:1      | Reached XP level 1. HP: 19/19 MP: 0/0
   138 | D:1      | Reached XP level 2. HP: 21/27 MP: 1/1
   665 | D:2      | Found a deep blue altar of Sif Muna.
   682 | D:2      | Reached XP level 3. HP: 26/33 MP: 2/2
   809 | D:2      | Reached XP level 4. HP: 30/40 MP: 3/3
  1061 | D:2      | Found a white marble altar of Elyvilon.
  1520 | D:3      | Reached XP level 5. HP: 23/47 MP: 4/4
  1754 | D:3      | HP: 2/47 [orc/+0 hand axe (4)]
  1754 | D:3      | Killed from afar by an orc priest

Levels and vault maps discovered:
D:1:      ebering_trefoil_twist, layout_basic
D:2:      cheibrodos_old_hovel, layout_basic, elyvilon_altar_1,
          lemuel_doored_altar
D:3:      layout_basic, tso_oasis_becter, chequers_ecumenical_altar_simple,
          uniq_robin, uniq_grinder

Skill      XL: |  1  2  3  4 |
---------------+-------------+-----
Armour         | 4 |  4.6
Fighting       | 4 |  4.4
Shields        | 4 |  4.8
Long Blades    | 3 4 |  4.2
Dodging        | |  0.5

Action                   |  1- 3 |  4- 6 || total
-------------------------+-------+-------++-------
Melee: Long sword        |    57 |    62 ||   119
       Headbutt          |    15 |    11 ||    26
  Eat: Chunk             |       |     3 ||     3
Armor: Scale mail        |    20 |    28 ||    48
Dodge: Dodged            |    21 |    18 ||    39
Block: Shield            |    45 |    29 ||    74
       Rpst.: Long sword |     9 |     5 ||    14

Table legend:
 A = Non-vault XP
 B = Vault XP
 C = Vault XP percentage of total XP
 D = Non-vault monster count
 E = Vault monster count
 F = Vault count percentage of total count
                 A         B        C        D         E       F
            +---------+---------+-------+---------+---------+-------
      Total |     216 |      34 |  13.6 |      51 |       1 |   1.9
            +---------+---------+-------+---------+---------+-------
        D:1 |      18 |       0 |   0.0 |      12 |       0 |   0.0
        D:2 |     137 |      34 |  19.9 |      30 |       1 |   3.2
        D:3 |      61 |       0 |   0.0 |       9 |       0 |   0.0
            +---------+---------+-------+---------+---------+-------
